AoeStats
← the_bgrad

Arabia

509141731Analyzed
1v1 RM · 6d ago on Sep 25, 2026· 57m 38s· 2 players
Game mode
Random Map
Map size
Tiny (2 player)
Population
200
Speed
Normal
Resources
Standard
Victory
Conquest
Starting age
Dark Age
Ending age
Imperial Age
RankedLock teamsTeams togetherTeam positionsShared explorationLock speedFull tech treeHidden civsTurbo modeCheats
Victory
Defeat
🇨🇱 Spanish · Chile
861
+15
🇷🇺 Slavs · Russia
840
-15
marchplayer2803
9:27 Feudal Age
10:01 Double-Bit Axe
10:01 Horse Collar
15:21 Man-at-Arms
21:09 Castle Age
19:40 Stone Mining
19:40 Gold Mining
20:45 Forging
22:11 Bow Saw
22:02 Heavy Plow
22:02 Long Swordsman
22:43 Squires
23:21 Iron Casting
22:47 Scale Mail Armor
27:01 Gold Shaft Mining
27:56 Wheelbarrow
27:07 Elite Skirmisher
29:04 Fletching
29:15 Padded Archer Armor
29:49 Hand Cart
29:57 Hand Cart
31:01 Bodkin Arrow
31:21 Leather Archer Armor
31:22 Chain Mail Armor
32:14 Town Watch
32:14 Loom
33:09 Town Patrol
36:50 Imperial Age
35:48 Ballistics
35:40 Masonry
36:06 Detinets
38:02 Crop Rotation
37:53 Druzhina
38:14 Conscription
39:26 Blast Furnace
38:57 Plate Mail Armor
39:46 Chemistry
40:55 Onager
43:18 Two-Handed Swordsman
48:19 Two-Man Saw
50:12 Champion
54:43 Capped Ram
the_bgrad
9:02 Loom
10:52 Feudal Age
11:41 Double-Bit Axe
19:43 Castle Age
28:42 Bloodlines
32:54 Imperial Age
32:32 Wheelbarrow
33:16 Bow Saw
34:31 Horse Collar
35:21 Light Cavalry
37:09 Hand Cart
40:49 Hussar
49:15 Scale Barding Armor
49:21 Forging
50:34 Chain Barding Armor
52:56 Iron Casting
52:56 Plate Barding Armor
52:04 Elite Conquistador
56:48 Husbandry
Connection lost

Rejoining the realm…

Still unreachable

The connection could not be restored.

Session expired

The server has moved on; the page needs a fresh start.